 Dungeon Crawl Stone Soup version 0.25-a0-294-gea9b1ad (webtiles) character file.

Game seed: 3786023359278507521, levelgen mode: deterministic

13 Birdy the Firebug (level 2, 0/24 HPs)
             Began as an Ogre Fire Elementalist on Dec 19, 2019.
             Slain by an adder (2 damage)
             ... on level 2 of the Dungeon.
             The game lasted 00:03:22 (1012 turns).

Birdy the Firebug (Ogre Fire Elementalist)          Turns: 1012, Time: 00:03:22

Health: 0/24       AC:  3    Str: 11    XL:     2   Next: 37%
Magic:  1/5        EV: 10    Int: 16    God:
Gold:   42         SH:  0    Dex:  9    Spells: 5/6 levels left

rFire    . . .     SeeInvis .   f - +1 whip
rCold    . . .     Gourm    .   (no shield)
rNeg     . . .     Faith    .   a - +0 robe
rPois    .         Spirit   .   (helmet restricted)
rElec    .         Reflect  .   (no cloak)
rCorr    .         Harm     .   (gloves unavailable)
MR       .....                  (boots unavailable)
Stlth    +.........             (no amulet)
HPRegen  0.08/turn              (no ring)
MPRegen  0.09/turn              (no ring)

@: lethally poisoned (0 -> -4), very slightly contaminated
A: large, unfitting armour, tough skin 1
a: no special abilities


You were on level 2 of the Dungeon.
You were not hungry.

You visited 1 branch of the dungeon, and saw 2 of its levels.

You collected 42 gold pieces.

Inventory:

Hand Weapons
 f - a +1 whip (weapon)
Armour
 a - a +0 robe (worn)
Scrolls
 d - 2 scrolls of enchant weapon
Comestibles
 c - 2 rations


   Skills:
 + Level 0.2 Fighting
 - Level 1.8 Dodging
 - Level 1.4 Stealth
 + Level 2.5 Spellcasting
 * Level 1.2 Conjurations
 * Level 3.1 Fire Magic


You had 5 spell levels left.
You knew the following spells:

 Your Spells              Type           Power        Failure   Level  Hunger
a - Foxfire               Conj/Fire      #...         9%          1    #......

Your spell library contained the following spells:

 Spells                   Type           Power        Failure   Level  Hunger
 Conjure Flame            Conj/Fire      #.......     24%         3    ###....
 Inner Flame              Hex/Fire       #.......     30%         3    ###....
 Sticky Flame             Conj/Fire      #.......     63%         4    #####..
 Fireball                 Conj/Fire      #.........   92%         5    ######.


Dungeon Overview and Level Annotations

Branches:
Dungeon (2/15)

Altars:

Annotations:
D:2 Terence


Innate Abilities, Weirdness & Mutations

You are too large for most types of armour.
You have tough skin. (AC +1)


Message History

The adder blinks!
Casting: Foxfire (safe; 9% risk of failure)
Confirm with . or Enter, or press ? or * to list all spells.
Okay, then.
You aren't carrying any potions.
Unknown command.
As you read the scroll labeled YRHIYG VIHOT, it crumbles to dust.
You feel blessed for a moment.
It was a scroll of remove curse.
* * * LOW HITPOINT WARNING * * *
You feel sick. The adder misses you.
As you read the scroll labeled FAICWO SUEBAYG, it crumbles to dust.
It is a scroll of amnesia.
Really abort (and waste the scroll)? [Y]es or [N]o only, please.
Really abort (and waste the scroll)?
Okay, then.
The adder closely misses you. The adder barely misses you. The adder bites you.
You die...

#.......#.#
#.#'#.#.#
#$#...#.######
#......).....#
#######.####.# ..
##......<#.# v...
#.....####.#+#....
#....^............
#..S@...).........
#....>......@.....
#...@.............
#...............##
#.................
#.................
#.................
#...........####..
####........# .


You could see Terence and an adder.

Vanquished Creatures
  A giant cockroach (D:1)
  A goblin (D:1)
  A hobgoblin (D:1)
  7 bats
  A kobold (D:2)
  A rat (D:1)
12 creatures vanquished.

Vanquished Creatures (others)
  29 foxfires
29 creatures vanquished.

Grand Total: 41 creatures vanquished

Notes
Turn   | Place    | Note
-------+----------+-------------------------------------------
     0 | D:1      | Birdy the Ogre Fire Elementalist began the quest for the
                  | Orb.
     0 | D:1      | Reached XP level 1. HP: 16/16 MP: 3/3
   134 | D:1      | Reached skill level 1 in Conjurations
   351 | D:1      | Reached skill level 3 in Fire Magic
   351 | D:1      | Reached XP level 2. HP: 23/24 MP: 3/5
   924 | D:2      | Noticed Terence
  1009 | D:2      | HP: 1/24 [poisoned by an adder]
  1012 | D:2      | Slain by an adder

Levels and vault maps discovered:
D:1:      kennysheep_arrival_forest, layout_basic, kennysheep_decorative_pillar,
          minmay_misc_feat_pillars
D:2:      layout_basic, first_ration, bloody_trog, uniq_jessica, uniq_terence

Skill      XL: |  1 |
---------------+----+-----
Conjurations   | 1 |  1.2
Fire Magic     | 3 |  3.1
Fighting       | |  0.2
Dodging        | |  1.8
Stealth        | |  1.4
Spellcasting   | |  2.5

Action                   || total
-------------------------++-------
Melee: Unarmed           ||    18
       Short sword       ||     3
       Whip              ||     2
 Cast: Foxfire           ||    19
  Use: Scroll            ||     4
       Potion            ||     2
Armor: Robe              ||    11
Dodge: Dodged            ||    21

Table legend:
 A = Non-vault XP
 B = Vault XP
 C = Vault XP percentage of total XP
 D = Non-vault monster count
 E = Vault monster count
 F = Vault count percentage of total count
                 A         B        C        D         E       F
            +---------+---------+-------+---------+---------+-------
      Total |      19 |       0 |   0.0 |      12 |       0 |   0.0
            +---------+---------+-------+---------+---------+-------
        D:1 |      16 |       0 |   0.0 |      10 |       0 |   0.0
        D:2 |       3 |       0 |   0.0 |       2 |       0 |   0.0
            +---------+---------+-------+---------+---------+-------
